 Dungeon Crawl Stone Soup version 0.30.0-29-ga12c61a403 (webtiles) character file.

Game seed: 9754567692996828417

571 qw the Chopper (level 7, 0/43 HPs)
             Began as a Gargoyle Fighter on June 5, 2023.
             Slain by an ogre
             ... wielding a +0 giant club
              (24 damage)
             ... on level 5 of the Dungeon.
             The game lasted 00:02:03 (4595 turns).

qw the Chopper (Gargoyle Fighter)                   Turns: 4595, Time: 00:02:04

Health: 0/43       AC: 18    Str: 27    XL:     7   Next: 34%
Magic:  7/7        EV:  7    Int:  9    God:
Gold:   159        SH:  4    Dex:  9    Spells: 6/6 levels left

rFire   . . .        Y - +0 war axe
rCold   + . .        c - +0 buckler
rNeg    + . .        i - +0 plate armour
rPois   inf          (no helmet)
rElec   +            (no cloak)
rCorr   .            p - +0 pair of gloves
SInv    .            t - +0 pair of boots
Will    .....        (no amulet) Stlth
                     a - +6 ring of strength
HPRegen 0.27/turn    k - ring of protection from cold
MPRegen 0.10/turn

%: no passive effects
@: no status effects
A: sickness immunity, AC +4, negative energy resistance 1, electricity
resistance, torment resistance 1, petrification resistance
a: no special abilities


You were on level 5 of the Dungeon.
You visited 1 branch of the dungeon, and saw 5 of its levels.

You collected 204 gold pieces.
You spent 45 gold pieces at shops.


Innate Abilities, Weirdness & Mutations

You are immune to sickness and miasma.
Your stone body is resilient. (AC +4)
You are immune to poison.
You resist negative energy. (rN+)
You are resistant to electric shocks. (rElec)
You are resistant to unholy torment.
You are immune to petrification.


   Skills:
 - Level 4.0 Fighting
 + Level 6.1 Axes
 - Level 1.4 Throwing
 - Level 4.0 Armour
 - Level 1.2 Dodging
 - Level 3.2 Shields


You had 6 spell levels left.
You didn't know any spells.
Your spell library was empty.

Inventory:

Hand Weapons
 v - a +0 flail
 Y - a +0 war axe (weapon)
Missiles
 u - a javelin (quivered)
Armour
 c - a +0 buckler (worn)
 i - a +0 plate armour (worn)
 p - a +0 pair of gloves (worn)
 t - a +0 pair of boots (worn)
Jewellery
 a - a +6 ring of strength (left hand)
 k - a ring of protection from cold (right hand)
Scrolls
 l - 3 scrolls of teleportation
 r - 2 scrolls of identify
Potions
 b - 3 potions of curing
 d - a potion of might
 e - a potion of magic {unknown}
 g - a potion of ambrosia {unknown}
 h - a potion of invisibility {unknown}
 j - a potion of haste {unknown}
 m - a potion of degeneration {unknown}
 n - a potion of lignification {unknown}
 o - a potion of flight {unknown}
 q - a potion of cancellation

Dungeon Overview and Level Annotations

Branches:
Dungeon (5/15)
 Temple: D:4-7

Altars:
Dithmenos

Shops:
D:3 [


Message History

You hit the orc wizard.
You kill the orc wizard!
Your Dodging skill increases to level 1!
You closely miss the orc. The orc hits you but does no damage.
You hit the orc.
The orc is moderately wounded.
You block the orc's attack.
You hit the orc but do no damage.
The orc is moderately wounded.
The orc hits you with a +0 flail.
You slash the orc!
You kill the orc!
You start resting.
HP restored.
r - 2 scrolls of identify (gained 1)
Things that are here:
a +0 club; an orc corpse
Items here: )) [[.
u - a javelin
Found a book of Party Tricks.
You see here a book of Party Tricks.
You open the door.
Found 3 atropa-tipped darts.
Enter note:
There is an open door here.
An ogre comes into view. It is wielding a +0 giant club.
Found 9 gold pieces.
The ogre shouts!
Enter note: You slash the ogre!
The ogre is heavily wounded.
The ogre hits you with a +0 giant club!!
You hit the ogre.
The ogre is severely wounded.
You hit the ogre but do no damage.
The ogre is severely wounded.
The ogre hits you with a +0 giant club!!
Ouch! That really hurt!
You die...

######### #~~~~~~~#
.# #~~...~~# #...# #~
#..~#####...# +$.
##..'..##...#
#~..#(.~##.##...#
#~~.O@~~##.##...#####
#~~~~~~~#.:.........#
#########...........#
#..............#
########...#####
#...# #...# #...#
#...#


You could see an ogre.

Vanquished Creatures
  Sigmund (D:2)
  A scorpion (D:4)
  A hound (D:5)
  A jelly (D:5)
  An iguana (D:4)
  4 orc wizards
  6 adders
  A white imp (D:5)
  A worm (D:2)
  3 dart slugs
  11 orcs
  8 bats
  7 endoplasms
  3 giant cockroaches
  11 goblins
  5 hobgoblins
  3 jackals (D:4)
  10 kobolds
  4 quokkas
  5 ball pythons
  5 frilled lizards
  9 rats
101 creatures vanquished.

Notes
Turn   | Place    | Note
-------+----------+-------------------------------------------
     0 | D:1      | qw the Gargoyle Fighter began the quest for the Orb.
     0 | D:1      | Reached XP level 1. HP: 14/14 MP: 1/1
     0 | D:1      | 0 ||| qw: Version: 0.2-a-108-gee2c290
     0 | D:1      | 0 ||| qw: Game counter: 1446
     0 | D:1      | 0 ||| qw: Always use a shield: true
     0 | D:1      | 0 ||| qw: God list: Okawaru
     0 | D:1      | 0 ||| qw: Allow faded altars: false
     0 | D:1      | 0 ||| qw: Do Orc after D:15 true
     0 | D:1      | 0 ||| qw: Do second Lair branch before Depths: true
     0 | D:1      | 0 ||| qw: Lair rune preference: random
     0 | D:1      | 0 ||| qw: Plans: Normal, Zot:1-4, Slime:5, God:TSO, Crypt,
                  | Tomb, Abyss, Pan, Hells, Win
     0 | D:1      | 0 ||| PLANNING D:1-11
   141 | D:1      | Reached skill level 2 in Axes
   374 | D:1      | Reached XP level 2. HP: 19/19 MP: 2/2
   696 | D:1      | 696 ||| UPGRADING to +0 plate armour.
   706 | D:1      | 706 ||| DROPPING +0 scale mail.
   707 | D:1      | 707 ||| READING scroll labelled NOUGHI OMUUPT.
   808 | D:1      | 808 ||| READING scroll labelled XEIPHETTAU.
   811 | D:1      | 811 ||| READING scroll labelled QUMNAE NEOLEE.
   812 | D:1      | 812 ||| READING scroll labelled KICSOONUSI.
   888 | D:2      | 888 ||| Stepping ~*~*~tactically~*~*~ (stealth).
   904 | D:2      | Reached skill level 3 in Axes
   947 | D:2      | Reached XP level 3. HP: 18/23 MP: 3/3
  1015 | D:2      | 1015 ||| Stepping ~*~*~tactically~*~*~ (stealth).
  1029 | D:2      | Noticed Sigmund
  1042 | D:2      | Killed Sigmund
  1043 | D:2      | Reached skill level 5 in Axes
  1043 | D:2      | Reached XP level 4. HP: 24/28 MP: 4/4
  1043 | D:2      | Reached XP level 5. HP: 27/32 MP: 5/5
  1065 | D:2      | 1065 ||| DROPPING +0 club.
  1251 | D:2      | Reached XP level 6. HP: 36/38 MP: 6/6
  1585 | D:2      | 1585 ||| Stepping ~*~*~tactically~*~*~ (stealth).
  1596 | D:2      | 1596 ||| Stepping ~*~*~tactically~*~*~ (stealth).
  1847 | D:2      | Found a faded altar of an unknown god.
  1851 | D:2      | 1851 ||| UPGRADING to +6 ring of strength.
  1895 | D:3      | 1895 ||| Stepping ~*~*~tactically~*~*~ (hiding).
  1897 | D:3      | 1897 ||| Stepping ~*~*~tactically~*~*~ (hiding).
  1916 | D:3      | Reached skill level 1 in Throwing
  1971 | D:3      | 1971 ||| Stepping ~*~*~tactically~*~*~ (stealth).
  1991 | D:3      | 1991 ||| Stepping ~*~*~tactically~*~*~ (hiding).
  1993 | D:3      | 1993 ||| Stepping ~*~*~tactically~*~*~ (hiding).
  1997 | D:3      | 1997 ||| Stepping ~*~*~tactically~*~*~ (hiding).
  1998 | D:3      | 1998 ||| Stepping ~*~*~tactically~*~*~ (hiding).
  2001 | D:3      | 2001 ||| Stepping ~*~*~tactically~*~*~ (hiding).
  2170 | D:3      | 2170 ||| Stepping ~*~*~tactically~*~*~ (stealth).
  2171 | D:3      | 2171 ||| Stepping ~*~*~tactically~*~*~ (stealth).
  2310 | D:3      | Found Gatiler's Armour Emporium.
  2315 | D:3      | 2315 ||| BUYING +0 pair of gloves (45 gold).
  2315 | D:3      | Bought a +0 pair of gloves for 45 gold pieces
  2315 | D:3      | 2315 ||| SHOPLISTING +2 buckler (165 gold, have 104).
  2516 | D:3      | 2516 ||| Stepping ~*~*~tactically~*~*~ (stealth).
  2519 | D:3      | 2519 ||| Stepping ~*~*~tactically~*~*~ (stealth).
  2527 | D:3      | Found a shadowy altar of Dithmenos.
  2580 | D:3      | 2580 ||| Stepping ~*~*~tactically~*~*~ (hiding).
  3020 | D:3      | 3020 ||| UPGRADING to +0 pair of gloves.
  3025 | D:3      | 3025 ||| UPGRADING to ring of protection from cold.
  3026 | D:3      | 3026 ||| DRINKING 4 inky potions.
  3084 | D:4      | 3084 ||| Stepping ~*~*~tactically~*~*~ (hiding).
  3173 | D:4      | 3173 ||| FLEEEEING.
  3175 | D:4      | 3175 ||| FLEEEEING.
  3176 | D:4      | 3176 ||| FLEEEEING.
  3181 | D:4      | 3181 ||| Stepping ~*~*~tactically~*~*~ (hiding).
  3239 | D:4      | 3239 ||| Stepping ~*~*~tactically~*~*~ (stealth).
  3269 | D:4      | 3269 ||| Stepping ~*~*~tactically~*~*~ (stealth).
  3776 | D:4      | 3776 ||| Stepping ~*~*~tactically~*~*~ (stealth).
  3797 | D:4      | Reached skill level 6 in Axes
  3797 | D:4      | Reached XP level 7. HP: 28/43 MP: 7/7
  4003 | D:4      | 4003 ||| DROPPING +0 whip.
  4385 | D:4      | 4385 ||| UPGRADING to +0 pair of boots.
  4390 | D:4      | 4390 ||| READING scroll labelled DYEFRI PENOI.
  4391 | D:4      | 4391 ||| DRINKING 2 metallic orange potions.
  4441 | D:5      | Entered Level 5 of the Dungeon
  4525 | D:5      | 4525 ||| Stepping ~*~*~tactically~*~*~ (hiding).
  4541 | D:5      | 4541 ||| Stepping ~*~*~tactically~*~*~ (hiding).
  4559 | D:5      | Reached skill level 1 in Dodging
  4595 | D:5      | Slain by an ogre

Levels and vault maps discovered:
D:1:      dpeg_arrival_subterranean_lakeside_camping, layout_basic
D:2:      layout_basic, shapermc_ecumenical_altar_hornbeckon,
          nicolae_eternal_life, minmay_small_reverse_x, uniq_sigmund
D:3:      layout_basic, grunt_dithmenos_smoke_and_mirrors, serial_shops, shop,
          chequers_serial_rivers_large_a, lexackson_kobold_supper
D:4:      layout_layer_cave
D:5:      minmay_bubble_buster, layout_loops_cross,
          mainiacjoe_overflow_boulevard, kennysheep_generic_room_8

Skill      XL: |  1  2  3  4  5  6  7 |
---------------+----------------------+-----
Axes           | 2 3 5 6 |  6.1
Throwing       | 1 |  1.4
Fighting       | 4 |  4.0
Armour         | 4 |  4.0
Dodging        | 1 |  1.2
Shields        | |  3.2

Action                     |  1- 3 |  4- 6 |  7- 9 || total
---------------------------+-------+-------+-------++-------
  Melee: War axe           |    86 |   178 |    39 ||   303
  Throw: Javelin           |     4 |    26 |     2 ||    32
    Use: Scroll            |     4 |       |     1 ||     5
         Potion            |       |     1 |     1 ||     2
 Armour: Scale mail        |    29 |       |       ||    29
         Plate armour      |    32 |   151 |    24 ||   207
  Dodge: Dodged            |    25 |    54 |     7 ||    86
  Block: Buckler           |    12 |    19 |     6 ||    37

Table legend:
 A = Non-vault XP
 B = Vault XP
 C = Vault XP percentage of total XP
 D = Non-vault monster count
 E = Vault monster count
 F = Vault count percentage of total count
                 A         B        C        D         E       F
            +---------+---------+-------+---------+---------+-------
      Total |     577 |     240 |  29.4 |      82 |      19 |  18.8
            +---------+---------+-------+---------+---------+-------
        D:1 |      17 |       9 |  34.6 |       9 |       6 |  40.0
        D:2 |      87 |     219 |  71.6 |      25 |       5 |  16.7
        D:3 |     123 |      12 |   8.9 |      24 |       8 |  25.0
        D:4 |     181 |       0 |   0.0 |      17 |       0 |   0.0
        D:5 |     169 |       0 |   0.0 |       7 |       0 |   0.0
            +---------+---------+-------+---------+---------+-------
